Map: Jagannatha LE

Players

Trap

  • Race: Protoss Protoss

Scarlett - Winner!

  • Race: Zerg Zerg

Event: DreamHack SC2 Masters 2021 Summer

VOD

Have the link to the VOD?

Description

Time

  • Played on: July 1, 2021, 10:54 a.m.
  • Length: 11:12

All games in this series

Show
View Real Time Build Order
Export as new Build Order

Trap Protoss 

Build Orders: 1 Gate Expand, Oracle Opening 

Get SALT Encoding   

  12  0:00  Probe  
  13  0:14  Pylon  
  13  0:17  Probe (Chrono Boost)  
  14  0:27  Probe (Chrono Boost)  
  15  0:32  Probe (Chrono Boost)  
  16  0:41  Gateway  
  16  0:43  Probe  
  17  0:50  Assimilator  
  17  0:55  Probe  
  18  1:08  Probe  
  19  1:20  Probe  
  20  1:26  Nexus  
  20  1:35  Cybernetics Core  
  20  1:39  Probe  
  21  1:45  Assimilator  
  21  1:51  Probe  
  22  1:55  Pylon  
  22  2:03  Probe (Chrono Boost)  
  23  2:10  Stalker (Chrono Boost)  
  23  2:11  Warp Gate  
  23  2:15  Probe (Chrono Boost)  
  26  2:23  Probe (Chrono Boost)  
  27  2:31  Probe (Chrono Boost)  
  27  2:33  Stargate  
  27  2:36  Adept  
  30  2:38  Probe (Chrono Boost)  
  32  2:47  Probe (Chrono Boost)  
  32  2:48  Probe (Chrono Boost)  
  33  2:53  Probe x2 (Chrono Boost)  
  35  3:04  Probe  
  36  3:06  Probe, Adept  
  36  3:09  Gateway  
  36  3:12  Void Ray (Chrono Boost)  
  39  3:17  Probe  
  39  3:18  Probe  
  45  3:27  Pylon  
  45  3:29  Probe  
  46  3:40  Pylon  
  46  3:45  Probe x2, Oracle (Chrono Boost)  
  51  3:53  Pylon  
  51  3:57  Probe  
  51  4:01  Nexus  
  52  4:04  Probe  
  52  4:09  Probe  
  54  4:10  Assimilator  
  54  4:12  Assimilator  
  54  4:15  Shield Battery  
  54  4:18  Stargate  
  54  4:20  Probe  
  54  4:22  Probe  
  56  4:26  Void Ray  
  56  4:31  Pylon  
  56  4:33  Probe  
  56  4:36  Probe  
  62  4:45  Robotics Facility  
  62  4:47  Probe  
  62  4:48  Probe  
  64  4:53  Pylon  
  64  4:56  Void Ray (Chrono Boost)  
  64  4:59  Probe  
  65  5:00  Probe  
  65  5:03  Void Ray (Chrono Boost)  
  76  5:14  Probe (Chrono Boost)  
  76  5:15  Forge  
  76  5:16  Probe (Chrono Boost)  
  76  5:17  Probe (Chrono Boost)  
  77  5:25  Probe (Chrono Boost)  
  77  5:26  Probe (Chrono Boost)  
  77  5:27  Probe (Chrono Boost)  
  80  5:30  Probe (Chrono Boost)  
  80  5:31  Void Ray (Chrono Boost)  
  80  5:35  Probe  
  82  5:37  Probe  
  82  5:40  Assimilator x2  
  82  5:41  Pylon  
  82  5:42  Probe  
  88  5:43  Void Ray (Chrono Boost)  
  88  5:46  Pylon  
  92  5:52  Shield Battery  
  92  5:53  Shield Battery  
  92  5:57  Photon Cannon  
  92  6:01  Photon Cannon  
  92  6:04  Shield Battery  
  92  6:07  Shield Battery  
  92  6:11  Shield Battery, Void Ray (Chrono Boost)  
  92  6:14  Pylon  
  96  6:19  Shield Battery  
  96  6:23  Zealot x2, Shield Battery  
  96  6:24  Void Ray  
  100  6:32  Pylon  
  104  6:38  Pylon  
  104  6:41  Immortal (Chrono Boost)  
  104  6:46  Zealot x2  
  112  6:53  Void Ray (Chrono Boost)  
  106  7:01  Void Ray (Chrono Boost)  
  105  7:04  Photon Cannon  
  90  7:09  Gateway  
  90  7:11  Gateway  
  84  7:28  Void Ray (Chrono Boost)  
  84  7:29  Probe x3  
  75  7:37  Void Ray (Chrono Boost)  
  67  8:00  Gateway x2, Void Ray (Chrono Boost)  
  67  8:02  Probe x2  
  73  8:12  Zealot x2  
  77  8:14  Probe  
  77  8:16  Pylon  
  77  8:17  Pylon  
  77  8:19  Pylon  
  78  8:23  Cybernetics Core  
  78  8:24  Nexus  
  78  8:26  Pylon, Void Ray (Chrono Boost)  
  78  8:27  Void Ray (Chrono Boost)  
  78  8:34  Probe  
  87  8:42  Probe  
  87  8:47  Probe  
  89  9:02  Robotics Facility  
  89  9:03  Probe x2  
  89  9:04  Shield Battery  
  89  9:05  Shield Battery  
  89  9:09  Robotics Facility  
  91  9:10  Void Ray  
  91  9:14  Pylon  
  95  9:27  Zealot  
  97  9:31  Zealot  
  95  9:52  Probe (Chrono Boost)  
  96  9:53  Probe (Chrono Boost)  
  96  9:54  Robotics Bay  
  96  9:57  Fleet Beacon  
  96  10:01  Probe (Chrono Boost)  
  96  10:04  Probe (Chrono Boost)  
  95  10:10  Probe x2 (Chrono Boost)  
  95  10:11  Probe (Chrono Boost)  
  97  10:15  Probe (Chrono Boost), Sentry x3  
  97  10:16  Probe  
  97  10:17  Observer (Chrono Boost)  
  97  10:18  Probe  
  97  10:20  Pylon  
  107  10:25  Pylon  
  107  10:27  Probe  
  108  10:28  Probe  
  108  10:29  Photon Cannon  
  108  10:31  Photon Cannon  
  108  10:38  Disruptor x2 (Chrono Boost)  
  112  10:43  Sentry  
  112  10:47  Sentry  
  116  10:50  Pylon  
Show
View Real Time Build Order
Export as new Build Order

Scarlett Zerg - Winner!

Build Orders: Hatch First 

Get SALT Encoding   

  12  0:00  Drone  
  13  0:12  Overlord  
  13  0:17  Drone  
  14  0:30  Drone x2  
  16  0:43  Drone  
  17  0:51  Hatchery  
  17  0:55  Drone  
  17  0:58  Drone  
  18  1:08  Extractor  
  17  1:13  Spawning Pool  
  17  1:16  Drone  
  17  1:19  Drone  
  18  1:28  Drone  
  19  1:39  Drone  
  20  1:49  Overlord  
  20  1:59  Queen  
  22  2:03  Queen  
  22  2:04  Zergling x4  
  26  2:11  Metabolic Boost  
  26  2:12  Drone  
  26  2:14  Drone  
  28  2:22  Drone  
  29  2:25  Drone  
  30  2:34  Hatchery  
  29  2:40  Drone  
  29  2:41  Drone  
  31  2:47  Queen  
  33  2:51  Overlord  
  33  2:55  Drone x2  
  35  3:01  Drone  
  36  3:12  Drone x6  
  42  3:15  Drone  
  42  3:17  Overlord  
  43  3:28  Queen, Spore Crawler  
  43  3:32  Overlord  
  44  3:40  Drone x4  
  48  3:45  Drone x4  
  52  3:55  Queen  
  54  3:58  Overlord x2  
  54  3:59  Drone x2  
  56  4:04  Overlord  
  56  4:09  Drone x2  
  58  4:15  Overlord  
  58  4:17  Extractor  
  58  4:18  Drone x7  
  58  4:22  Queen  
  66  4:27  Roach Warren  
  66  4:29  Drone x2  
  67  4:33  Extractor  
  67  4:34  Extractor  
  67  4:37  Zergling x2  
  67  4:38  Zergling x8  
  70  4:39  Queen  
  70  4:44  Drone x3  
  73  4:53  Drone x2, Overlord x2  
  74  5:08  Roach x8  
  74  5:10  Lair  
  90  5:16  Queen  
  90  5:19  Roach  
  90  5:20  Spore Crawler  
  93  5:22  Spore Crawler  
  93  5:28  Roach  
  94  5:29  Ravager x3  
  94  5:31  Zergling x10  
  102  5:41  Ravager  
  102  5:42  Overlord x4  
  103  5:45  Zergling x4  
  103  5:47  Ravager  
  106  6:02  Ravager x2  
  106  6:04  Queen, Zergling x20  
  118  6:05  Ravager  
  121  6:12  Zergling x2  
  121  6:13  Zergling x8  
  121  6:18  Ravager x2  
  128  6:19  Queen  
  128  6:20  Roach  
  128  6:24  Zergling x4  
  134  6:30  Zergling x2  
  134  6:31  Zergling x6  
  135  6:37  Zergling x4  
  135  6:39  Queen  
  135  6:40  Queen  
  135  6:46  Zergling x8  
  137  6:48  Zergling x2  
  125  6:55  Queen, Zergling x4  
  119  7:05  Hydralisk Den  
  117  7:12  Zergling x4  
  117  7:13  Ravager, Zergling x4  
  117  7:15  Queen  
  118  7:16  Drone x2  
  118  7:21  Evolution Chamber  
  118  7:22  Hatchery, Extractor  
  111  7:23  Extractor  
  111  7:26  Drone x3  
  104  7:37  Queen x2  
  104  7:40  Drone x5  
  102  7:53  Drone x9  
  102  7:56  Muscular Augments  
  106  8:11  Drone x2, Hydralisk x2  
  112  8:16  Hydralisk x3  
  112  8:26  Glial Reconstitution  
  112  8:28  Zerg Missile Weapons Level 1  
  112  8:30  Queen x2  
  112  8:31  Infestation Pit  
  115  8:36  Hydralisk x2  
  115  8:37  Hydralisk x3  
  125  8:51  Drone x11  
  136  9:05  Drone x8  
  136  9:07  Grooved Spines  
  144  9:15  Extractor x2  
  142  9:18  Overlord x4  
  142  9:22  Hatchery  
  140  9:25  Hive  
  140  9:33  Hydralisk x2  
  144  9:42  Hydralisk x9  
  161  9:47  Hydralisk x3  
  165  9:54  Overlord x3  
  165  9:57  Hydralisk x3  
  171  10:00  Roach  
  173  10:07  Overseer, Overlord  
  173  10:08  Roach  
  173  10:14  Roach x7  
  189  10:18  Roach x3  
  189  10:21  Ravager  
  196  10:23  Roach  
  198  10:29  Ravager  
  195  10:48  Ravager x3  
  198  10:59  Lurker Den  
Tags
 
Add a new tag
Caveats
  • Supply blocks, unpowered buildings, or Contaminate may cause inaccurate times.
  • Supply counts are checked every 10 seconds.